[Event "FIDE Women World Blitz 2021"]
[Site "Warsaw"]
[Date "2021.12.30"]
[Round "12.30"]
[White "Nur-Mukhametova, Alisa"]
[Black "Cyfka, Karina"]
[Result "0-1"]
[ECO "A13"]
[WhiteElo "2225"]
[BlackElo "2416"]
[Annotator "NA"]
[PlyCount "52"]
[EventDate "2021.12.29"]
[EventType "swiss"]
[EventCountry "POL"]
[Tiebreak "Cut1 Buchholz"]
[SourceTitle "playchess.com"]
[Source "ChessBase"]
[SourceQuality "1"]
[TimeControl "180+2"]

1. Nf3 Nf6 2. g3 d5 3. c4 d4 4. Bg2 c5 5. e3 Nc6 6. exd4 cxd4 7. O-O e6 8. d3 Bd6 9. Na3 O-O 10. Nc2 e5 11. Bg5 h6 12. Bxf6 Qxf6 13.
Nd2 Bc7 14. b4 Rb8 15. a4 Qe7 16. Rb1 f5 17. Re1 Qf6 18. Bd5+ Kh8 19. c5 e4 20. dxe4 f4 21. b5 fxg3 22. fxg3 Qf2+ 23. Kh1 Bh3 24. Rg1 Ne5 25. Qe1 Nd3 26. Qd1 Qf6 0-1

[Event "FIDE Women World Blitz 2021"]
[Site "Warsaw"]
[Date "2021.12.30"]
[Round "12.31"]
[White "Antolak, Julia"]
[Black "Danielian, Elina"]
[Result "0-1"]
[ECO "B11"]
[WhiteElo "2334"]
[BlackElo "2450"]
[Annotator "ChessBase"]
[PlyCount "84"]
[EventDate "2021.12.29"]
[EventType "swiss"]
[EventCountry "POL"]
[Tiebreak "Cut1 Buchholz"]
[SourceTitle "playchess.com"]
[Source "ChessBase"]
[SourceQuality "1"]
[TimeControl "180+2"]

1. e4 c6 2. Nc3 d5 3. Qf3 dxe4 4. Nxe4 Nd7 5. c3 Ngf6 6. d4 Nxe4 7. Qxe4 Nf6 8. Qh4 e6 9. Nf3 Be7 10. Bg5 h6 11. Bd3 b6 12. O-O Bb7 13.
Rad1 Nd5 14. Bxe7 Qxe7 15. Qg3 O-O 16. Rfe1 Rfd8 17. a3 Qf6 18. Ne5 Rac8 19. Re4 c5 20. Ng4 Qg5 21. h4 Qh5 22. Re5 f5 23.
Nh2 Qxd1+ 24. Bf1 Ba6 25. Rxe6 Re8 26. Qe5 Rxe6 27. Qxe6+ Kh8 28. Qxd5 cxd4 29. cxd4 Rc1 30. Qxf5 Bxf1 31.
Qf8+ Kh7 32. Qf5+ Kg8 33. Qe6+ Kf8 34. Qd6+ Ke8 35. Qe6+ Kd8 36. Qg8+ Kc7 37. Qxg7+ Kb8 38. Qf8+ Kb7 39. Qe7+ Ka6 40. Nxf1 Qxf1+ 41. Kh2 Qxf2 42. d5 Qf4+ 0-1

[Event "FIDE Women World Blitz 2021"]
[Site "Warsaw"]
[Date "2021.12.30"]
[Round "12.32"]
[White "Smirnova, Ekaterina"]
[Black "Dworakowska, Joanna"]
[Result "1-0"]
[ECO "A84"]
[WhiteElo "2196"]
[BlackElo "2228"]
[Annotator "NA"]
[PlyCount "68"]
[EventDate "2021.12.29"]
[EventType "swiss"]
[EventCountry "POL"]
[Tiebreak "Cut1 Buchholz"]
[SourceTitle "playchess.com"]
[Source "ChessBase"]
[SourceQuality "1"]
[TimeControl "180+2"]

1. d4 d5 2. c4 e6 3. Nc3 f5 4. Bf4 Nf6 5. e3 c6 6. h3 Bd6 7. Nge2 O-O 8. Bxd6 Qxd6 9. Nf4 Kh8 10. Bd3 b6 11. g4 dxc4 12. Bxc4 e5 13. dxe5 Qxe5 14. g5 Ne4 15. Qh5 Qe8 16. g6 h6 17. Rd1 Nxc3 18. bxc3 Ba6 19. Bxa6 Nxa6 20. O-O Nc5 21. Qe2 Ne4 22. Qc4 Rf6 23. Kh2 Rd8 24. Rd4 Rxd4 25. Qxd4 Rd6 26. Qa4 Qd7 27. Qa3 Qc7 28. Rd1 c5 29. Rxd6 Qxd6 30. Qxa7 Nf6 31. Qa8+ Ng8 32. Qb7 Qd2 33. Kg2 Qb2 34. Nd5 Qb1 1-0

[Event "FIDE Women World Blitz 2021"]
[Site "Warsaw"]
[Date "2021.12.30"]
[Round "12.33"]
[White "Malicka, Maria"]
[Black "Fernandez, Maria Florencia"]
[Result "0-1"]
[ECO "B07"]
[WhiteElo "2307"]
[BlackElo "2184"]
[Annotator "NA"]
[PlyCount "88"]
[EventDate "2021.12.29"]
[EventType "swiss"]
[EventCountry "POL"]
[Tiebreak "Cut1 Buchholz"]
[SourceTitle "playchess.com"]
[Source "ChessBase"]
[SourceQuality "1"]
[TimeControl "180+2"]

1. e4 d6 2. d4 Nf6 3. Nc3 g6 4. Bg5 Bg7 5. Qd2 c6 6. f4 h6 7. Bh4 O-O 8. O-O-O b5 9. e5 Ne8 10. Nf3 Nc7 11. Ne4 dxe5 12. dxe5 Qxd2+ 13. Rxd2 Nd5 14. g3 Bf5 15. Nc5 a6 16. Nd4 e6 17.
Nxf5 exf5 18. Bg2 Ne3 19. Bf3 Nc4 20. Rd3 g5 21. fxg5 Bxe5 22.
b3 Nb6 23. gxh6 a5 24. Re1 f6 25. g4 a4 26. gxf5 axb3 27. axb3 b4 28. Kd1 Kh8 29. Ne6 Rg8 30. Ke2 Ra2 31. Rc1 N8d7 32. Nd4 Nc5 33. Nxc6 Nxd3 34. Kxd3 Bc3 35. Nd4 Rf8 36. Ne6 Rf7 37. Rg1 Raa7 38. Rg7 Rad7+ 39. Ke4 Nc8 40. Rxf7 Rxf7 41. Kd5 Ne7+ 42. Kd6 Nxf5+ 43. Kc5 Nxh4 44. Nf4 Nxf3 0-1

[Event "FIDE Women World Blitz 2021"]
[Site "Warsaw"]
[Date "2021.12.30"]
[Round "12.34"]
[White "Pavlidou, Ekaterini"]
[Black "Loskutova, Viktoriya"]
[Result "1-0"]
[ECO "E46"]
[WhiteElo "2177"]
[BlackElo "2195"]
[Annotator "NA"]
[PlyCount "81"]
[EventDate "2021.12.29"]
[EventType "swiss"]
[EventCountry "POL"]
[Tiebreak "Cut1 Buchholz"]
[SourceTitle "playchess.com"]
[Source "ChessBase"]
[SourceQuality "1"]
[TimeControl "180+2"]

1. d4 Nf6 2. c4 e6 3. Nc3 Bb4 4. e3 O-O 5. Nge2 d5 6. a3 Be7 7. cxd5 exd5 8.
Nf4 c6 9. Bd3 a5 10. O-O Re8 11. f3 Bd6 12. b3 Na6 13. Ra2 Nc7 14. g4 h6 15. Bb1 c5 16. Rg2 cxd4 17. exd4 Bxf4 18. Bxf4 Ne6 19. Be5 Nd7 20. Qd3 Nef8 21. Bd6 Qb6 22. Bxf8 Nxf8 23. Nxd5 Qd6 24. Nc3 Qxa3 25. Ne4 Qb4 26. d5 b6 27. Qc4 Qxc4 28. bxc4 Ba6 29. Ba2 Rac8 30. Nd6 Rcd8 31. Nxe8 Rxe8 32. Rb2 Rb8 33. Rfb1 Nd7 34. c5 Bd3 35. Rc1 Rc8 36. c6 Nc5 37. Rxb6 Na4 38. Rb7 Ba6 39. Ra7 Be2 40. d6 Bxf3 41. Rxf7 1-0

[Event "FIDE Women World Blitz 2021"]
[Site "Warsaw"]
[Date "2021.12.30"]
[Round "12.35"]
[White "Doluhanova, Evgeniya"]
[Black "Jarocka, Liwia"]
[Result "1-0"]
[ECO "A30"]
[WhiteElo "2237"]
[BlackElo "1851"]
[Annotator "NA"]
[PlyCount "129"]
[EventDate "2021.12.29"]
[EventType "swiss"]
[EventCountry "POL"]
[Tiebreak "Cut1 Buchholz"]
[SourceTitle "playchess.com"]
[Source "ChessBase"]
[SourceQuality "1"]
[TimeControl "180+2"]

1. Nf3 Nf6 2. b3 g6 3. Bb2 Bg7 4. e3 O-O 5. Be2 d5 6. O-O c5 7. c4 b6 8. d4 cxd4 9. Nxd4 Bb7 10. Bf3 Nbd7 11. Nc3 Ne5 12. Bxd5 Nxd5 13. Nxd5 Bxd5 14. cxd5 Qxd5 15. Qe2 Qb7 16.
Rfd1 Rfd8 17. h3 Rac8 18. Qb5 h5 19. Rac1 a6 20. Qe2 b5 21.
Rc2 Rxc2 22. Qxc2 Rc8 23. Qd2 Qd7 24. f4 Nc6 25. Nxc6 Qxc6 26. Bxg7 Kxg7 27. Qd4+ Qf6 28. Qxf6+ Kxf6 29. Rd2 Rc1+ 30. Kf2 Ra1 31. e4 e6 32. Rc2 Rb1 33. Kf3 Rf1+ 34. Kg3 Re1 35. Kf3 Rf1+ 36. Ke3 Re1+ 37. Kd4 Ke7 38. Rc7+ Kf8 39. Ke5 Kg7 40. g4 hxg4 41. hxg4 Re2 42. a4 bxa4 43. bxa4 Ra2 44. Rc4 g5 45. f5 exf5 46. Kxf5 f6 47. Rc7+ Kg8 48. Kg6 Kf8 49. Kxf6 Ke8 50. Rc4 Kd7 51. Kxg5 Ke6 52. Kg6 Rg2 53. g5 Ke5 54. Rc6 Kxe4 55. Rxa6 Kf4 56. Rf6+ Ke5 57. a5 Ra2 58. a6 Ra4 59. Rb6 Kd5 60. Kf7 Kc5 61. Rf6 Kd5 62. g6 Ke5 63. g7 Rg4 64. Re6+ Kf5 65. Rb6 1-0

[Event "FIDE Women World Blitz 2021"]
[Site "Warsaw"]
[Date "2021.12.30"]
[Round "12.36"]
[White "Dylag, Emilia"]
[Black "Gaboyan, Susanna"]
[Result "1/2-1/2"]
[ECO "D76"]
[WhiteElo "1863"]
[BlackElo "2253"]
[Annotator "NA"]
[PlyCount "86"]
[EventDate "2021.12.29"]
[EventType "swiss"]
[EventCountry "POL"]
[Tiebreak "Cut1 Buchholz"]
[SourceTitle "playchess.com"]
[Source "ChessBase"]
[SourceQuality "1"]
[TimeControl "180+2"]

1. d4 Nf6 2. c4 g6 3. Nf3 Bg7 4. g3 O-O 5. Bg2 d5 6. cxd5 Nxd5 7. O-O Nc6 8.
Nc3 Nb6 9. e3 e5 10. d5 Ne7 11. e4 f5 12. exf5 gxf5 13. Ng5 h6 14. Ne6 Bxe6 15. dxe6 Qxd1 16. Rxd1 c6 17. Be3 Rad8 18. Bc5 Bf6 19. Bh3 Nc4 20. b3 Nb6 21. Bg2 e4 22. Rxd8 Rxd8 23. Rd1 Ned5 24. Nxd5 Nxd5 25. f3 e3 26. e7 Re8 27. f4 Bxe7 28. Bxd5+ cxd5 29. Bxe3 Bb4 30. Bf2 Re2 31. Rxd5 Rxa2 32. Rxf5 Kg7 33. Rd5 b6 34. Rd7+ Kg6 35. Rd3 a5 36. g4 Bc5 37. Bxc5 bxc5 38. Rc3 a4 39. bxa4 Rxa4 40. f5+ Kg5 41. Rxc5 Rxg4+ 42. Kf2 Rf4+ 43. Kg2 Rxf5 1/2-1/2

[Event "FIDE Women World Blitz 2021"]
[Site "Warsaw"]
[Date "2021.12.30"]
[Round "12.37"]
[White "Ovod, Evgenija"]
[Black "Badelka, Olga"]
[Result "1-0"]
[ECO "C54"]
[WhiteElo "2366"]
[BlackElo "2188"]
[Annotator "NA"]
[PlyCount "98"]
[EventDate "2021.12.29"]
[EventType "swiss"]
[EventCountry "POL"]
[Tiebreak "Cut1 Buchholz"]
[SourceTitle "playchess.com"]
[Source "ChessBase"]
[SourceQuality "1"]
[TimeControl "180+2"]

1. e4 e5 2. Nf3 Nc6 3. Bc4 Bc5 4. O-O Nf6 5. d3 h6 6. Nbd2 d6 7. c3 a5 8. h3 O-O 9. Re1 Bb6 10. Nf1 Ne7 11. Ng3 Ng6 12. d4 c6 13. Bd3 Re8 14. Qc2 Be6 15. Be3 a4 16. d5 Bd7 17. c4 Bxe3 18. fxe3 Qb6 19. Kh2 Qc5 20. Qd2 cxd5 21. cxd5 a3 22. Rac1 Qb6 23. b3 Rec8 24. Rc2 Rxc2 25. Bxc2 Rc8 26. Nf5 Bxf5 27. exf5 Nf8 28. e4 Qc5 29. Bd3 Qc3 30. Qe2 N8d7 31. Rd1 Nc5 32. Bb1 Na6 33. Nd2 Qb4 34. Nc4 b5 35. Nd2 Rc3 36. Bd3 Nc5 37. Nb1 Rxd3 38. Rxd3 Nxd3 39. Qxd3 Nxe4 40. Nxa3 Nc5 41. Qxb5 Qf4+ 42.
Kh1 Ne4 43. Qe8+ Kh7 44. Qxf7 Ng3+ 45. Kg1 Nxf5 46. Nc4 Qd4+ 47. Kh1 Nh4 48. Nxd6 Qd1+ 49. Kh2 Qe2 1-0

[Event "FIDE Women World Blitz 2021"]
[Site "Warsaw"]
[Date "2021.12.30"]
[Round "12.38"]
[White "Beydullayeva, Govhar"]
[Black "Rakhmangulova, Anastasiya"]
[Result "1-0"]
[ECO "E68"]
[WhiteElo "2278"]
[BlackElo "2174"]
[Annotator "NA"]
[PlyCount "59"]
[EventDate "2021.12.29"]
[EventType "swiss"]
[EventCountry "POL"]
[Tiebreak "Cut1 Buchholz"]
[SourceTitle "playchess.com"]
[Source "ChessBase"]
[SourceQuality "1"]
[TimeControl "180+2"]

1. Nf3 Nf6 2. c4 g6 3. g3 Bg7 4. Bg2 d6 5. d4 O-O 6. Nc3 Nbd7 7. O-O a6 8. h3 Rb8 9. a4 Re8 10. e4 e5 11. Be3 exd4 12. Nxd4 Ne5 13. b3 c5 14. Nde2 Be6 15. f4 Nc6 16. Qd2 Re7 17. Rad1 Ne8 18.
f5 Bc8 19. Nd5 Rd7 20. Bg5 Qa5 21. f6 Bh8 22. h4 Qxd2 23. Rxd2 b5 24. axb5 axb5 25. cxb5 Rxb5 26. Bh3 Rxb3 27. Bxd7 Bxd7 28. Kg2 Ne5 29. Ne7+ Kf8 30. Bh6+ 1-0

[Event "FIDE Women World Blitz 2021"]
[Site "Warsaw"]
[Date "2021.12.30"]
[Round "12.39"]
[White "Paramzina, Anastasya"]
[Black "Smietanska, Wiktoria"]
[Result "1-0"]
[ECO "B90"]
[WhiteElo "2260"]
[BlackElo "1765"]
[Annotator "NA"]
[PlyCount "59"]
[EventDate "2021.12.29"]
[EventType "swiss"]
[EventCountry "POL"]
[Tiebreak "Cut1 Buchholz"]
[SourceTitle "playchess.com"]
[Source "ChessBase"]
[SourceQuality "1"]
[TimeControl "180+2"]

1. e4 c5 2. Nf3 d6 3. d4 cxd4 4. Nxd4 Nf6 5. Nc3 a6 6. Nb3 g6 7. Be2 Bg7 8. g4 O-O 9. g5 Nfd7 10. h4 b5 11. Qd3 Nc6 12. Qg3 Nb4 13.
Bd1 Bb7 14. h5 Re8 15. a3 Nc6 16. Qh3 Nf8 17. Be3 b4 18. axb4 Nxb4 19. Bd4 e5 20. Be3 d5 21. exd5 Nxd5 22. Nxd5 Bxd5 23. Bf3 e4 24. Be2 Bxb3 25. cxb3 Qe7 26. hxg6 hxg6 27. Bd2 Red8 28. Bc3 Bxc3+ 29. bxc3 Nh7 30. Qxh7+ 1-0

[Event "FIDE Women World Blitz 2021"]
[Site "Warsaw"]
[Date "2021.12.30"]
[Round "13.1"]
[White "Buksa, Nataliya"]
[Black "Assaubayeva, Bibisara"]
[Result "0-1"]
[ECO "D02"]
[WhiteElo "2199"]
[BlackElo "2400"]
[Annotator "NA"]
[PlyCount "162"]
[EventDate "2021.12.29"]
[EventType "swiss"]
[EventCountry "POL"]
[Tiebreak "Cut1 Buchholz"]
[SourceTitle "playchess.com"]
[Source "ChessBase"]
[SourceQuality "1"]
[TimeControl "180+2"]

1. d4 Nf6 2. Nc3 d5 3. Bf4 Bf5 4. e3 e6 5. Nf3 Nbd7 6. Ne5 Bd6 7. g4 Be4 8. f3 Bg6 9. h4 h6 10. Nxg6 fxg6 11. Bd3 Nf8 12. Qe2 Bxf4 13. exf4 Qd6 14. Qe5 O-O-O 15. O-O-O Qb6 16. g5 Nh5 17. Rhg1 Qd6 18. gxh6 Rxh6 19. Rg4 Nf6 20. Rg2 Rxh4 21. Bxg6 Rxf4 22. Qe3 Rh4 23. Kb1 a6 24. Bd3 Nh5 25. a3 g6 26. Ne2 Nf4 27. Nxf4 Qxf4 28. Qxf4 Rxf4 29. Bxg6 Rxf3 30. Re1 Kd7 31. Bd3 Kd6 32. Rg8 Rd7 33. Rh1 Rdf7 34. Rh6 R3f4 35. c3 Rf3 36. Kc2 Nd7 37. Re8 R3f6 38. Rh5 c5 39. c4 cxd4 40. cxd5 e5 41. a4 Rf2+ 42. Kc1 Nc5 43.
Bc4 R2f5 44. Rh6+ R7f6 45. Rh7 Rf1+ 46. Bxf1 Rxf1+ 47. Kd2 Kxd5 48. Rd8+ Kc4 49. Rc7 Rf2+ 50. Kc1 Kd3 51. Kb1 Nxa4 52. Rxb7 Nc5 53. Rc7 Ne4 54. Ka2 Nc3+ 55. Kb3 Nd1 56. Rh7 Rxb2+ 57. Ka3 Rb5 58. Rh3+ Kc2 59. Rc8+ Nc3 60. Rh2+ Kd3 61. Rh3+ Ke4 62. Rh4+ Kd5 63. Rd8+ Kc4 64. Rc8+ Rc5 65. Rxc5+ Kxc5 66. Kb3 a5 67. Rh8 a4+ 68. Kc2 a3 69. Ra8 a2 70. Kb2 e4 71. Rc8+ Kb4 72. Rc7 e3 73.
Re7 Kc4 74. Rc7+ Kd3 75. Rh7 e2 76. Rh3+ Kd2 77. Rh2 Kd1 78.
Rh4 Nb5 79. Rh1+ e1=Q 80. Rxe1+ Kxe1 81. Kxa2 d3 0-1

[Event "FIDE Women World Blitz 2021"]
[Site "Warsaw"]
[Date "2021.12.30"]
[Round "13.1"]
[White "Kazarian, Anna-Maja"]
[Black "Antolak, Julia"]
[Result "0-1"]
[ECO "B80"]
[WhiteElo "2138"]
[BlackElo "2334"]
[Annotator "NA"]
[PlyCount "82"]
[EventDate "2021.12.29"]
[EventType "swiss"]
[EventCountry "POL"]
[Tiebreak "Cut1 Buchholz"]
[SourceTitle "playchess.com"]
[Source "ChessBase"]
[SourceQuality "1"]
[TimeControl "180+2"]

1. e4 c5 2. Nf3 d6 3. d4 cxd4 4. Nxd4 Nf6 5. Nc3 a6 6. Be3 e6 7. f3 h5 8. Qd2 Nbd7 9. a4 b6 10. Be2 Bb7 11. O-O Be7 12. Bd3 Qc7 13.
Qf2 O-O 14. Qg3 Rac8 15. Kh1 d5 16. Bf4 h4 17. Bxc7 hxg3 18.
Bxg3 dxe4 19. fxe4 Rfd8 20. Nb3 Nf8 21. e5 Nd5 22. Ne4 Nb4 23.
Rad1 Nxc2 24. Bxc2 Rxc2 25. Rxd8 Bxd8 26. Nbd2 Rxb2 27. h3 Be7 28. Rf2 b5 29. axb5 axb5 30. Nd6 Bd5 31. N2e4 Rxf2 32. Bxf2 b4 33. Bd4 b3 34. Bb2 Nd7 35. Kg1 Nb6 36. Nc3 Kf8 37. Ndb5 Nc4 38. Nxd5 exd5 39. Bd4 b2 40. Nc3 Nd2 41. Kf2 b1=Q 0-1

[Event "FIDE Women World Blitz 2021"]
[Site "Warsaw"]
[Date "2021.12.30"]
[Round "13.2"]
[White "Gunina, Valentina"]
[Black "Koneru, Humpy"]
[Result "1-0"]
[ECO "D37"]
[WhiteElo "2480"]
[BlackElo "2586"]
[Annotator "ChessBase"]
[PlyCount "57"]
[EventDate "2021.12.29"]
[EventType "swiss"]
[EventCountry "POL"]
[Tiebreak "Cut1 Buchholz"]
[SourceTitle "playchess.com"]
[Source "ChessBase"]
[SourceQuality "1"]
[TimeControl "180+2"]

1. d4 Nf6 2. c4 e6 3. Nf3 d5 4. Nc3 Nbd7 5. Bf4 dxc4 6. e3 b5 7. Nxb5 Bb4+ 8. Nc3 Nd5 9. a3 Nxc3 10. Qd2 Bxa3 11. Qxc3 Bd6 12. Bg5 f6 13. Bf4 Nb6 14. Bxc4 Nxc4 15. Qxc4 Bxf4 16. exf4 Qd5 17. Qxc7 Qe4+ 18. Kd2 O-O 19. Rhe1 Qg6 20. g3 Qh5 21. Re3 Qb5 22. b3 a5 23. Qc4 Qd7 24. f5 Qd5 25. fxe6 Qxc4 26. bxc4 Re8 27. d5 a4 28. Nd4 Ba6 29. Rxa4 1-0

[Event "FIDE Women World Blitz 2021"]
[Site "Warsaw"]
[Date "2021.12.30"]
[Round "13.2"]
[White "Badelka, Olga"]
[Black "Katkov, Michelle"]
[Result "1-0"]
[ECO "A18"]
[WhiteElo "2188"]
[BlackElo "1651"]
[Annotator "NA"]
[PlyCount "95"]
[EventDate "2021.12.29"]
[EventType "swiss"]
[EventCountry "POL"]
[Tiebreak "Cut1 Buchholz"]
[SourceTitle "playchess.com"]
[Source "ChessBase"]
[SourceQuality "1"]
[TimeControl "180+2"]

1. c4 Nf6 2. Nc3 e6 3. e4 d5 4. e5 d4 5. exf6 dxc3 6. bxc3 Qxf6 7. d4 Nc6 8. Nf3 e5 9. Bg5 Qg6 10. h4 Bg4 11. d5 Ne7 12. Qa4+ c6 13. Be2 Qe4 14. Be3 b5 15.
Qa6 Bxf3 16. gxf3 Qc2 17. Rc1 Qa4 18. Qb7 Rd8 19. dxc6 bxc4 20. c7 Rc8 21. f4 Qc6 22. Qxc6+ Nxc6 23. Bxc4 Rxc7 24. Bb5 Bd6 25. fxe5 Bxe5 26. f4 Bf6 27. Bd4 Ke7 28. Bc5+ Ke6 29.
O-O Bxh4 30. Rc2 f6 31. Re2+ Kf7 32. Bc4+ Kg6 33. f5+ Kh6 34. Rh2 g5 35. fxg6 Kg5 36. Be3+ Kxg6 37. Bd3+ Kf7 38. Rxh4 Rg8+ 39. Kh1 h5 40. Bc4+ Kf8 41. Bxg8 Kxg8 42. Rxf6 Re7 43. Rxc6 Rxe3 44. Rxh5 Re2 45. a4 Rc2 46. a5 Ra2 47. Rc7 Ra4 48. Rxa7 1-0

[Event "FIDE Women World Blitz 2021"]
[Site "Warsaw"]
[Date "2021.12.30"]
[Round "13.3"]
[White "Vaishali R"]
[Black "Muzychuk, Anna"]
[Result "1-0"]
[ECO "A80"]
[WhiteElo "2405"]
[BlackElo "2533"]
[Annotator "ChessBase"]
[PlyCount "75"]
[EventDate "2021.12.29"]
[EventType "swiss"]
[EventCountry "POL"]
[Tiebreak "Cut1 Buchholz"]
[SourceTitle "playchess.com"]
[Source "ChessBase"]
[SourceQuality "1"]
[TimeControl "180+2"]

1. d4 f5 2. Bf4 Nf6 3. e3 d6 4. Nc3 g6 5. h4 h6 6. Qf3 Nc6 7. Bc4 e5 8. dxe5 dxe5 9. Qg3 Ng4 10. h5 g5 11. Rd1 Bd6 12. Nge2 exf4 13. exf4 Qf6 14. Nd5 Qxb2 15. O-O Bd7 16. Qd3 O-O-O 17. Rb1 Qa3 18. Rb3 Qc5 19. Rb5 Qa3 20. Rb3 Qc5 21. Rb5 Nce5 22. Rxc5 Nxd3 23. Ra5 Nxf4 24. Nexf4 gxf4 25. Rb1 Kb8 26. Ba6 b6 27. c4 Ka8 28. c5 Be5 29. cxb6 cxb6 30. Nxb6+ axb6 31. Rxb6 Bc3 32. Ra3 Ka7 33. Rb7+ Ka8 34. Rb6 Ka7 35. Rb7+ Ka8 36. Rbb3 Bd4 37. Bc4+ Ba7 38. Bd5+ 1-0

[Event "FIDE Women World Blitz 2021"]
[Site "Warsaw"]
[Date "2021.12.30"]
[Round "13.3"]
[White "Rakhmangulova, Anastasiya"]
[Black "Parol, Pola"]
[Result "0-1"]
[ECO "B86"]
[WhiteElo "2174"]
[BlackElo "1823"]
[Annotator "NA"]
[PlyCount "160"]
[EventDate "2021.12.29"]
[EventType "swiss"]
[EventCountry "POL"]
[Tiebreak "Cut1 Buchholz"]
[SourceTitle "playchess.com"]
[Source "ChessBase"]
[SourceQuality "1"]
[TimeControl "180+2"]

1. e4 c5 2. Nf3 d6 3. d4 cxd4 4. Nxd4 Nf6 5. Nc3 a6 6. Bc4 e6 7. Bb3 Nbd7 8. Bg5 Nc5 9. Qe2 Be7 10. O-O-O Nxb3+ 11. Nxb3 Qc7 12. f4 h6 13. Bh4 b5 14. e5 dxe5 15. fxe5 Nd7 16. Bxe7 Kxe7 17. Rhe1 Bb7 18. Qg4 g6 19. Qb4+ Ke8 20. Nd4 Rc8 21. Re2 Nb6 22. Ndxb5 axb5 23. Nxb5 Qc5 24. Nd6+ Ke7 25. Qxc5 Rxc5 26. Nxb7 Rb5 27. Nd6 Ra5 28. a3 Rb8 29. Rf1 f5 30. Rf3 Nd7 31. Nc4 Rc5 32. b3 Rbb5 33.
a4 Rb8 34. Rd3 Rbc8 35. a5 Nb8 36. Nb6 R8c7 37. b4 R5c6 38.
Kb2 Rb7 39. Red2 Na6 40. c3 Rcc7 41. Rd6 Nb8 42. Rd8 Nc6 43.
Rh8 Nxe5 44. Rh7+ Kf6 45. Rxh6 Rc6 46. Rh4 Rcxb6 47. axb6 Rxb6 48. Rhd4 Rc6 49. Kb3 Rc8 50. c4 Rb8 51. b5 Nc6 52. Rd6 Ne5 53. b6 Nf7 54. Rc6 Ne5 55. Rcd6 Nf7 56. c5 Nxd6 57. Rxd6 Ke7 58. Kb4 e5 59. Rxg6 e4 60. Rg3 f4 61. Rg4 Rf8 62. b7 e3 63. Rg5 Ke6 64. Rg6+ Ke5 65. Rg7 Ke6 66. Kc3 Rd8 67. Rg6+ Ke5 68.
Rg5+ Kf6 69. Rg4 Kf5 70. Rg7 Kf6 71. Rg4 Kf5 72. Rg7 Kf6 73.
Rd7 e2 74. c6 e1=Q+ 75. Kc4 Qc1+ 76. Kb5 Qb2+ 77. Kc5 Qc3+ 78. Kd6 Qb4+ 79. Kc7 Qa5+ 80. Kd6 Qe5# 0-1

[Event "FIDE Women World Blitz 2021"]
[Site "Warsaw"]
[Date "2021.12.30"]
[Round "13.4"]
[White "Abdumalik, Zhansaya"]
[Black "Lagno, Kateryna"]
[Result "0-1"]
[ECO "C65"]
[WhiteElo "2507"]
[BlackElo "2550"]
[Annotator "ChessBase"]
[PlyCount "102"]
[EventDate "2021.12.29"]
[EventType "swiss"]
[EventCountry "POL"]
[Tiebreak "Cut1 Buchholz"]
[SourceTitle "playchess.com"]
[Source "ChessBase"]
[SourceQuality "1"]
[TimeControl "180+2"]

1. e4 e5 2. Nf3 Nc6 3. Bb5 Nf6 4. d3 Bc5 5. Nbd2 O-O 6. Nb3 Bb6 7. O-O Re8 8. Re1 h6 9. c3 a6 10. Bc4 d6 11. h3 Ne7 12. a4 Ng6 13.
a5 Ba7 14. Be3 Bxe3 15. Rxe3 Nf4 16. Nbd2 N6h5 17. Kh2 Qf6 18. Nf1 Qg6 19. Ng3 c6 20. Qb3 Rb8 21. Rg1 Be6 22. d4 d5 23. exd5 cxd5 24. Bf1 e4 25. Nd2 f5 26. c4 Qf7 27. Rc3 dxc4 28.
Bxc4 Nd5 29. Nxh5 Nxc3 30. bxc3 Qc7+ 31. Kh1 Bxc4 32. Nxc4 Kh7 33. Ne5 Rbc8 34. c4 Qe7 35. Ng3 Qf6 36. Qxb7 Rb8 37. Qc6 Re6 38. Qd5 Rb2 39. Rf1 Rd6 40. Qc5 Rd2 41. Qa7 R2xd4 42. c5 Rd8 43. f4 e3 44. Nf3 Rd1 45. c6 Rxf1+ 46. Nxf1 e2 47. Ne3 Rd1+ 48. Kh2 e1=Q 49. Nxe1 Rxe1 50. Nd5 Qxc6 51. Ne3 Qe4 0-1

[Event "FIDE Women World Blitz 2021"]
[Site "Warsaw"]
[Date "2021.12.30"]
[Round "13.4"]
[White "Nurgali, Nazerke"]
[Black "Smietanska, Wiktoria"]
[Result "0-1"]
[ECO "E92"]
[WhiteElo "2267"]
[BlackElo "1765"]
[Annotator "NA"]
[PlyCount "128"]
[EventDate "2021.12.29"]
[EventType "swiss"]
[EventCountry "POL"]
[Tiebreak "Cut1 Buchholz"]
[SourceTitle "playchess.com"]
[Source "ChessBase"]
[SourceQuality "1"]
[TimeControl "180+2"]

1. d4 Nf6 2. Nf3 g6 3. c4 Bg7 4. Nc3 O-O 5. e4 d6 6. Be2 e5 7. dxe5 dxe5 8. Qxd8 Rxd8 9. Bg5 Re8 10. O-O c6 11. Rfd1 Na6 12. Nd2 h6 13. Be3 Ng4 14. Bxg4 Bxg4 15. f3 Be6 16. Rac1 Red8 17. Na4 b6 18. b3 Nb4 19. Nc3 f5 20. Nf1 f4 21. Bf2 Kf7 22. a3 Nd3 23.
Rc2 Bf8 24. a4 Nc5 25. Rb1 Nd3 26. h3 Rd7 27. Na2 Nxf2 28. Kxf2 Bc5+ 29. Ke2 a5 30. Rd2 Rad8 31. Rbd1 Rxd2+ 32. Rxd2 Rxd2+ 33.
Nxd2 g5 34. Nc1 Kf6 35. Nd3 Bd4 36. Nb1 h5 37. Na3 Bc3 38.
Nc2 Bf7 39. Nc1 Be6 40. Kd3 Bb4 41. Nxb4 axb4 42. Kc2 c5 43. Kd3 g4 44. hxg4 hxg4 45. Ke2 g3 46. Nd3 Bc8 47. a5 bxa5 48. Nxc5 Ke7 49. Na4 Kd6 50. Nb6 Be6 51. Kd3 Bh3 52. Ke2 Bxg2 53. Nd5 Bh3 54. Nf6 Bd7 55. Nd5 Bc6 56. Nf6 a4 57. bxa4 Bxa4 58. Nd5 Kc5 59. Nf6 Kxc4 60. Ng4 Kd4 61. Nh6 Bb5+ 62. Ke1 Ke3 63. Nf5+ Kxf3 64. Nd6 g2 0-1

[Event "FIDE Women World Blitz 2021"]
[Site "Warsaw"]
[Date "2021.12.30"]
[Round "13.5"]
[White "Kosteniuk, Alexandra"]
[Black "Kiolbasa, Oliwia"]
[Result "1/2-1/2"]
[ECO "C84"]
[WhiteElo "2518"]
[BlackElo "2403"]
[Annotator "ChessBase"]
[PlyCount "154"]
[EventDate "2021.12.29"]
[EventType "swiss"]
[EventCountry "POL"]
[Tiebreak "Cut1 Buchholz"]
[SourceTitle "playchess.com"]
[Source "ChessBase"]
[SourceQuality "1"]
[TimeControl "180+2"]

1. e4 e5 2. Nf3 Nc6 3. Bb5 a6 4. Ba4 Nf6 5. d4 exd4 6. O-O Be7 7. e5 Ne4 8. Nxd4 Nxd4 9. Qxd4 Nc5 10. Nc3 Nxa4 11. Qxa4 O-O 12. Nd5 d6 13. Rd1 Bd7 14. Qb4 Bc6 15. Nxe7+ Qxe7 16. exd6 cxd6 17. Bf4 Rfe8 18. Bxd6 Qg5 19. Bg3 Rad8 20. h4 Qf5 21. Qc3 h6 22. Re1 Qd5 23. f3 Qf5 24. Kh2 Qg6 25. b3 Rc8 26. Rxe8+ Rxe8 27. Qd2 Qf6 28. Rd1 Kh7 29. c4 Re6 30. Qc2+ Kg8 31. a4 Qe7 32. Rd2 Re3 33. a5 Re6 34. b4 Qxb4 35. Rd8+ Re8 36. Rxe8+ Bxe8 37. Qe4 Bc6 38. Qg4 Qxa5 39. Bf4 Kh7 40. h5 Qc5 41. Bc1 a5 42. Bb2 f6 43. Qg6+ Kh8 44. Qf7 a4 45. Qc7 a3 46. Qd8+ Kh7 47. Qd3+ Kg8 48.
Bxa3 Qxh5+ 49. Kg1 Qe5 50. Qd8+ Kh7 51. Qd3+ Kg8 52. Qd8+ Kf7 53. Qd3 Qe1+ 54. Kh2 Qh4+ 55. Kg1 Qe1+ 56. Kh2 Kg8 57. Qd8+ Kh7 58. Qd3+ Kg8 59. Qd8+ Qe8 60. Qd3 h5 61. Kg1 h4 62. Kh2 Qe5+ 63. Kg1 h3 64. Qd8+ Kf7 65. Qd3 hxg2 66. Kxg2 Qg5+ 67. Kf2 Qh4+ 68. Ke3 Qg3 69. Qf5 Qe5+ 70. Qxe5 fxe5 71. c5 Ke6 72. f4 exf4+ 73. Kxf4 g6 74. Bc1 Kd5 75. Be3 Kc4 76. Kg5 Be4 77. Bg1 Bf5 1/2-1/2